MLB
SAN DIEGO PADRES @ ATLANTA BRAVES
03/12/2044
 
TOP OF THE 1ST
San Diego Padres batting - Pitching for Atlanta Braves : RHP Victor Torres
Pitching: RHP Victor Torres
Batting: RHB Chiel Palstermans 0-0: Foul Ball, location: 2F
0-1: Foul Ball, location: 2F
0-2: Fly out, F8 (Flyball, 8LXD, EV 105.0 MPH)
Batting: RHB Alois Wollf 0-0: Ground out 6-3 (Groundball, 6, EV 105.6 MPH)
Batting: LHB Mike Holt 0-0: Foul Ball, location: 2F
0-1: Ball
1-1: Ball
2-1: Ball
3-1: Base on Balls
Batting: LHB Aaron LeBlanc 0-0: Called Strike
0-1: Swinging Strike
0-2: Fielders Choice at 2nd, 6-4 (Groundball, 6, EV 108.8 MPH)
Top of the 1st over - 0 runs, 0 hits, 0 errors, 1 left on base; San Diego 0 - Atlanta 0
BOTTOM OF THE 1ST
Atlanta Braves batting - Pitching for San Diego Padres : RHP Toby Williams
Pitching: RHP Toby Williams
Batting: RHB Liangde Li 0-0: Ball
1-0: Ball
2-0: Called Strike
2-1: Swinging Strike
2-2: Ball
3-2: Strikes out looking
Batting: LHB Colin Worthington 0-0: Ball
1-0: Called Strike
1-1: SINGLE (Groundball, 56D, EV 105.0 MPH)
Batting: RHB Jake Lang 0-0: Ball
1-0: Called Strike
1-1: Grounds into double play, 6-4-3 (Groundball, 6, EV 100.6 MPH)
Bottom of the 1st over - 0 runs, 1 hit, 0 errors, 0 left on base; San Diego 0 - Atlanta 0
TOP OF THE 2ND
San Diego Padres batting - Pitching for Atlanta Braves : RHP Victor Torres
Batting: RHB Alberto Cotto 0-0: Called Strike
0-1: Ball
1-1: Ball
2-1: Called Strike
2-2: Foul Ball, location: 2F
2-2: Ground out 6-3 (Groundball, 6, EV 94.4 MPH)
Batting: LHB Conrad Taylor 0-0: Called Strike
0-1: Ball
1-1: Ball
2-1: Foul Ball, location: 2F
2-2: SINGLE (Line Drive, 34, EV 103.1 MPH)
Batting: LHB Chris Moody 0-0: Foul Ball, location: 2F
0-1: Called Strike
0-2: Ball
1-2: Ball
2-2: Strikes out swinging
Batting: LHB Ryan Flynn Jr. 0-0: Called Strike
0-1: Foul Ball, location: 2F
0-2: Ball
1-2: Ball
2-2: Fly out, F9 (Line Drive, 9, EV 88.8 MPH)
Top of the 2nd over - 0 runs, 1 hit, 0 errors, 1 left on base; San Diego 0 - Atlanta 0
BOTTOM OF THE 2ND
Atlanta Braves batting - Pitching for San Diego Padres : RHP Toby Williams
Batting: LHB Seth Cook 0-0: TRIPLE (Line Drive, 78XD, EV 100.6 MPH)
Batting: LHB Tom Best 0-0: Foul Ball, location: 2F
0-1: Ground out 4-3 (Groundball, 4, EV 85.6 MPH)
Seth Cook scores
Batting: RHB Xavier Davis 0-0: Ball
1-0: Called Strike
1-1: Foul Ball, location: 2F
1-2: Ground out 5-3 (Groundball, 56S, EV 67.5 MPH)
Batting: SHB Brian Bagley 0-0: Ball
1-0: Ball
2-0: Called Strike
2-1: Ground out 4-3 (Groundball, 34, EV 90.0 MPH)
Bottom of the 2nd over - 1 run, 1 hit, 0 errors, 0 left on base; San Diego 0 - Atlanta 1
TOP OF THE 3RD
San Diego Padres batting - Pitching for Atlanta Braves : RHP Victor Torres
Batting: LHB Joseph Martin 0-0: Ball
1-0: Ball
2-0: Fly out, F4 (Popup, 4S, EV 62.5 MPH)
Batting: RHB Chiel Palstermans 0-0: Ball
1-0: Called Strike
1-1: Ground out 5-3 (Groundball, 56S, EV 65.0 MPH)
Batting: RHB Alois Wollf 0-0: Foul Ball, location: 2F
0-1: Ball
1-1: Ball
2-1: Ground out 3-1 (Groundball, 34, EV 78.1 MPH)
Top of the 3rd over - 0 runs, 0 hits, 0 errors, 0 left on base; San Diego 0 - Atlanta 1
BOTTOM OF THE 3RD
Atlanta Braves batting - Pitching for San Diego Padres : RHP Toby Williams
Batting: RHB John Creel 0-0: Ball
1-0: Bunt for hit to 3S - play at first, batter safe!
Batting: RHB Zach Thomason 0-0: Ball
1-0: Grounds into double play, 6-4-3 (Groundball, 6, EV 103.1 MPH)
Batting: RHB Liangde Li 0-0: Called Strike
0-1: Ball
1-1: Ball
2-1: Called Strike
2-2: Foul Ball, location: 2F
2-2: Ball
3-2: Ground out 5-3 (Groundball, 56, EV 106.9 MPH)
Bottom of the 3rd over - 0 runs, 1 hit, 0 errors, 0 left on base; San Diego 0 - Atlanta 1
TOP OF THE 4TH
San Diego Padres batting - Pitching for Atlanta Braves : RHP Victor Torres
Batting: LHB Mike Holt 0-0: Foul Ball, location: 2F
0-1: Swinging Strike
0-2: Ball
1-2: Ground out 3-1 (Groundball, 34, EV 91.2 MPH)
Batting: LHB Aaron LeBlanc 0-0: Ball
1-0: Swinging Strike
1-1: Ball
2-1: Ball
3-1: Foul Ball, location: 2F
3-2: DOUBLE (Line Drive, 5D, EV 100.0 MPH)
Batting: RHB Alberto Cotto 0-0: Ball
1-0: Fly out, F9 (Flyball, 89XD, EV 108.1 MPH)
Runner from 2nd tags up, SAFE at 3rd, no throw by RF
Batting: LHB Conrad Taylor 0-0: Called Strike
0-1: Swinging Strike
0-2: Ball
1-2: Ball
2-2: Ball
3-2: Foul Ball, location: 2F
3-2: Foul Ball, location: 2F
3-2: Strikes out swinging
Top of the 4th over - 0 runs, 1 hit, 0 errors, 1 left on base; San Diego 0 - Atlanta 1
BOTTOM OF THE 4TH
Atlanta Braves batting - Pitching for San Diego Padres : RHP Toby Williams
Batting: LHB Colin Worthington 0-0: Ground out U3 (Groundball, 3, EV 85.0 MPH)
Batting: RHB Jake Lang 0-0: Fly out, F7 (Line Drive, 7, EV 102.5 MPH)
Batting: LHB Seth Cook 0-0: Foul Ball, location: 2F
0-1: Swinging Strike
0-2: Foul Ball, location: 2F
0-2: Ball
1-2: Ball
2-2: Ball
3-2: Base on Balls
Batting: LHB Tom Best 0-0: Ball
1-0: Ball
2-0: Foul Ball, location: 2F
2-1: Ball
Seth Cook is caught stealing 2nd base 2-6
Bottom of the 4th over - 0 runs, 0 hits, 0 errors, 0 left on base; San Diego 0 - Atlanta 1
TOP OF THE 5TH
San Diego Padres batting - Pitching for Atlanta Braves : RHP Victor Torres
Pitching: RHP Jeff Olech
Batting: LHB Chris Moody 0-0: SINGLE (Groundball, 25, EV 66.9 MPH) (infield hit)
Batting: LHB Ryan Flynn Jr. 0-0: Ball
1-0: Ball
2-0: Ball
3-0: Base on Balls
Chris Moody to second
Batting: LHB Joseph Martin 0-0: Ball
1-0: Called Strike
1-1: Foul Ball, location: 2F
1-2: Foul Ball, location: 2F
1-2: Ball
2-2: Foul Ball, location: 2F
2-2: Foul Ball, location: 2F
2-2: Hit by Pitch
Chris Moody to third
Ryan Flynn Jr. to second
Batting: RHB Chiel Palstermans 0-0: Called Strike
0-1: Ball
1-1: Ball
2-1: Swinging Strike
2-2: Foul Ball, location: 2F
2-2: Foul Ball, location: 2F
2-2: Fielders Choice at 2nd, 4-6 (Groundball, 4, EV 94.4 MPH)
Chris Moody scores
Ryan Flynn Jr. to third
Batting: RHB Alois Wollf 0-0: Called Strike
0-1: Ball
1-1: Called Strike
Chiel Palstermans steals 2nd, throwing error, E2
Ryan Flynn Jr. scores
Chiel Palstermans to third
1-2: DOUBLE (Line Drive, 9LM, EV 100.0 MPH)
Chiel Palstermans scores
Batting: LHB Mike Holt 0-0: Foul Ball, location: 2F
0-1: Ball
1-1: Ball
2-1: DOUBLE (Line Drive, 78D, EV 110.0 MPH)
Alois Wollf scores
Pitching: RHP Kwang-sik Kim
Batting: LHB Aaron LeBlanc 0-0: Called Strike
0-1: Ground out 4-3 (Groundball, 4, EV 82.5 MPH)
Mike Holt to third
Batting: RHB Alberto Cotto 0-0: Ball
1-0: Ball
2-0: Foul Ball, location: 2F
2-1: Swinging Strike
2-2: Strikes out swinging
Top of the 5th over - 4 runs, 3 hits, 1 error, 1 left on base; San Diego 4 - Atlanta 1
BOTTOM OF THE 5TH
Atlanta Braves batting - Pitching for San Diego Padres : RHP Toby Williams
Pitching: RHP Jadon Martin
Batting: LHB Tom Best 0-0: Called Strike
0-1: SINGLE (Groundball, 3S, EV 67.5 MPH) (infield hit)
Batting: RHB Xavier Davis 0-0: Swinging Strike
0-1: Ball
1-1: Ball
2-1: Ball
3-1: Foul Ball, location: 2F
3-2: SINGLE (Line Drive, 89M, EV 99.4 MPH)
Tom Best to second
Batting: SHB Brian Bagley 0-0: Ball
1-0: Fielders Choice at 2nd, 3-6 (Groundball, 23, EV 87.5 MPH)
Tom Best to third
Batting: RHB John Creel 0-0: Called Strike
0-1: Fly out, F7 (Flyball, 7S, EV 81.9 MPH)
Pinch Hitting: RHB Jeckel Hester 0-0: Ball
1-0: Ground out 5-3 (Groundball, 56S, EV 83.8 MPH)
Bottom of the 5th over - 0 runs, 2 hits, 0 errors, 2 left on base; San Diego 4 - Atlanta 1
TOP OF THE 6TH
San Diego Padres batting - Pitching for Atlanta Braves : RHP Kwang-sik Kim
Now at 3B: Jeckel Hester
Batting: LHB Conrad Taylor 0-0: Called Strike
0-1: Foul Ball, location: 2F
0-2: DOUBLE (Line Drive, 7LM, EV 100.0 MPH)
Pitching: RHP Larry Stegall
Batting: LHB Chris Moody 0-0: Called Strike
0-1: SINGLE (Flyball, 3D, EV 91.9 MPH)
Conrad Taylor to third
Batting: LHB Ryan Flynn Jr. 0-0: Ball
1-0: Ball
2-0: Foul Ball, location: 2F
2-1: Fly out, F7 (Flyball, 7, EV 86.9 MPH)
Batting: LHB Joseph Martin 0-0: Ball
1-0: Foul Ball, location: 2F
1-1: Ball
2-1: Swinging Strike
2-2: Foul Ball, location: 2F
2-2: Strikes out looking
Pinch Hitting: RHB Bobby Ayala 0-0: Called Strike
0-1: Ball
1-1: Foul Ball, location: 2F
1-2: Foul Ball, location: 2F
1-2: Foul Ball, location: 2F
1-2: Foul Ball, location: 2F
1-2: Fly out, F9 (Line Drive, 9, EV 100.0 MPH)
Top of the 6th over - 0 runs, 2 hits, 0 errors, 2 left on base; San Diego 4 - Atlanta 1
BOTTOM OF THE 6TH
Atlanta Braves batting - Pitching for San Diego Padres : RHP Jadon Martin
Now at SS: Bobby Ayala
Batting: RHB Liangde Li 0-0: Fly out, F7 (Flyball, 7, EV 85.6 MPH)
Batting: LHB Colin Worthington 0-0: Fly out, F7 (Line Drive, 7D, EV 91.2 MPH)
Batting: RHB Jake Lang 0-0: Ball
1-0: Foul Ball, location: 2F
1-1: Ball
2-1: SINGLE (Line Drive, 8RS, EV 92.5 MPH)
Batting: LHB Seth Cook 0-0: Called Strike
0-1: Called Strike
0-2: Ball
1-2: Foul Ball, location: 2F
1-2: Ball
2-2: Fly out, F7 (Flyball, 7LS, EV 89.4 MPH)
Bottom of the 6th over - 0 runs, 1 hit, 0 errors, 1 left on base; San Diego 4 - Atlanta 1
TOP OF THE 7TH
San Diego Padres batting - Pitching for Atlanta Braves : RHP Larry Stegall
Pinch Hitting: RHB Jose Morrissey 0-0: Hit by Pitch
Pinch Hitting: LHB Andy Bowman 0-0: Called Strike
0-1: Ball
Pickoff Throw to First - Out! 1-3
1-1: Ball
2-1: Fly out, F5 (Popup, 5L, EV 79.4 MPH)
Pinch Hitting: LHB Per Meulengracht 0-0: Called Strike
0-1: Ground out 4-3 (Groundball, 34, EV 105.6 MPH)
Top of the 7th over - 0 runs, 0 hits, 0 errors, 0 left on base; San Diego 4 - Atlanta 1
BOTTOM OF THE 7TH
Atlanta Braves batting - Pitching for San Diego Padres : RHP Jadon Martin
Now at 1B: Per Meulengracht
Now at 2B: Alberto Cotto
Now at 3B: Jose Morrissey
Now in CF: Ryan Flynn Jr.
Now in RF: Andy Bowman
Batting: LHB Tom Best 0-0: Ball
1-0: Called Strike
1-1: Fly out, F9 (Flyball, 9, EV 82.5 MPH)
Batting: RHB Xavier Davis 0-0: SOLO HOME RUN (Flyball, 9D, EV 98.1 MPH), Distance : 379 ft
Batting: SHB Brian Bagley 0-0: Called Strike
0-1: Ball
1-1: Ground out U3 (Groundball, 34S, EV 83.1 MPH)
Batting: RHB John Creel 0-0: Ground out U3 (Groundball, 3L, EV 99.4 MPH)
Bottom of the 7th over - 1 run, 1 hit, 0 errors, 0 left on base; San Diego 4 - Atlanta 2
TOP OF THE 8TH
San Diego Padres batting - Pitching for Atlanta Braves : RHP Larry Stegall
Batting: RHB Alberto Cotto 0-0: Ball
1-0: Foul Ball, location: 2F
1-1: Swinging Strike
1-2: Strikes out swinging
Batting: RHB Oscar Fausto 0-0: Ball
1-0: Ball
2-0: Ball
3-0: Swinging Strike
3-1: Foul Ball, location: 2F
3-2: Base on Balls
Batting: LHB Chris Moody 0-0: Foul Ball, location: 2F
0-1: Foul Ball, location: 2F
0-2: Fly out, F8 (Flyball, 8LXD, EV 100.6 MPH)
Pinch Hitting: RHB Matthew Starr 0-0: Ball
1-0: Called Strike
1-1: Ball
2-1: Swinging Strike
2-2: Strikes out looking
Top of the 8th over - 0 runs, 0 hits, 0 errors, 1 left on base; San Diego 4 - Atlanta 2
BOTTOM OF THE 8TH
Atlanta Braves batting - Pitching for San Diego Padres : RHP Jadon Martin
Pitching: RHP Tim Stewart
Now in LF: Matthew Starr
Now in CF: Chris Moody
Batting: RHB Jeckel Hester 0-0: Called Strike
0-1: Ball
1-1: DOUBLE (Line Drive, 9LS, EV 90.6 MPH)
Pinch Hitting: LHB Davey Schonewille 0-0: Ball
1-0: Ball
2-0: Swinging Strike
2-1: Fly out, F4 (Popup, 34D, EV 54.4 MPH)
Pinch Hitting: LHB Otte Klijnsma 0-0: Ball
1-0: Swinging Strike
1-1: Swinging Strike
1-2: Ground out 4-3 (Groundball, 4, EV 81.9 MPH)
Jeckel Hester to third
Batting: RHB Butch Kaiser 0-0: Ball
1-0: Ball
2-0: SINGLE (Line Drive, 7LS, EV 105.6 MPH)
Jeckel Hester scores
Pinch Hitting: RHB Itsuo Egami 0-0: Called Strike
Butch Kaiser steals 2nd base
0-1: Called Strike
0-2: Ball
1-2: Ball
2-2: Strikes out swinging, 2-3 out at first.
Bottom of the 8th over - 1 run, 2 hits, 0 errors, 1 left on base; San Diego 4 - Atlanta 3
TOP OF THE 9TH
San Diego Padres batting - Pitching for Atlanta Braves : RHP Larry Stegall
Pitching: RHP Marcos Tejeda
Now at 2B: Xavier Davis
Now at SS: Itsuo Egami
Now in LF: Otte Klijnsma
Now in CF: Davey Schonewille
Pinch Hitting: RHB Ben Zeiler 0-0: Ball
1-0: Ball
2-0: Called Strike
2-1: Foul Ball, location: 2F
2-2: Strikes out swinging
Batting: RHB Bobby Ayala 0-0: Called Strike
0-1: Ball
1-1: Swinging Strike
1-2: Strikes out looking
Batting: RHB Jose Morrissey 0-0: Fly out, F8 (Flyball, 8LD, EV 101.2 MPH)
Top of the 9th over - 0 runs, 0 hits, 0 errors, 0 left on base; San Diego 4 - Atlanta 3
BOTTOM OF THE 9TH
Atlanta Braves batting - Pitching for San Diego Padres : RHP Tim Stewart
Pitching: RHP Raul Almonte
Now at C: Ben Zeiler
Batting: LHB Tom Best 0-0: Called Strike
0-1: Ball
1-1: Called Strike
1-2: Ball
2-2: Foul Ball, location: 2F
2-2: Strikes out swinging
Batting: RHB Xavier Davis 0-0: SINGLE (Line Drive, 8RS, EV 91.9 MPH)
Pinch Hitting: RHB Kanehisa Kubo 0-0: Called Strike
0-1: Swinging Strike
0-2: Foul Ball, location: 2F
0-2: Ball
1-2: Strikes out swinging
Pinch Hitting: RHB T.J. Jordan 0-0: Called Strike
0-1: Called Strike
0-2: Strikes out swinging
Bottom of the 9th over - 0 runs, 1 hit, 0 errors, 1 left on base; San Diego 4 - Atlanta 3
Thursday, March 31st , 2022 - OOTP Baseball 22.12 Build 89